 Dungeon Crawl Stone Soup version 0.30-b1-2-g02819fbbbe (webtiles) character file.

Game seed: 506105296044387059

546 Flaz the Cutter (level 7, -4/55 HPs)
             Began as a Ghoul Gladiator on Dec 23, 2023.
             Was an Initiate of Okawaru.
             Slain by a wight
             ... wielding a +0 great sword
              (11 damage)
             ... on level 4 of the Dungeon.
             The game lasted 00:12:43 (3651 turns).

Flaz the Cutter (Ghoul Gladiator)                   Turns: 3651, Time: 00:12:43

Health: -4/55      AC:  6    Str: 18    XL:     7   Next: 28%
Magic:  6/6        EV: 11    Int:  3    God:    Okawaru [......]
Gold:   203        SH:  0    Dex: 12    Spells: 6/6 levels left

rFire   . . .        a - +0 rapier
rCold   + . .        (no shield)
rNeg    + + +        n - +0 ring mail
rPois   ∞            c - +0 helmet
rElec   .            (no cloak)
rCorr   .            (no gloves)
SInv    +            (no boots)
Will    .....        (no amulet)
Stlth   +            h - +4 ring of slaying
HPRegen 0.00/turn    r - ring of see invisible
MPRegen 0.10/turn

%: no passive effects
@: inhibited regen
A: claws 1, cold resistance 1, negative energy resistance 3, inhibited
regeneration, torment resistance 2, devour on kill
a: Renounce Religion


You were on level 4 of the Dungeon.
You worshipped Okawaru.
Okawaru was noncommittal.
You visited 2 branches of the dungeon, and saw 5 of its levels.

You collected 203 gold pieces.

Inventory:

Hand Weapons
 a - a +0 rapier (weapon)
 s - a +0 spear
Missiles
 d - 2 throwing nets
 e - a javelin (quivered)
 i - 53 stones
 m - 14 poisoned darts
Armour
 b - a +0 leather armour
 c - a +0 helmet (worn)
 n - a +0 ring mail (worn)
Jewellery
 h - a +4 ring of slaying (left claw)
 l - a +4 ring of slaying
 q - a +4 ring of protection
 r - a ring of see invisible (right claw)
Wands
 u - a wand of flame (22)
Scrolls
 g - a scroll of summoning {unknown}
 k - 2 scrolls of teleportation {unknown}
 o - a scroll of fear {unknown}
 p - a scroll of immolation {unknown}
 t - a scroll of identify {unknown}
Potions
 f - 2 potions of degeneration {unknown}
 j - a potion of lignification {unknown}
 v - a potion of brilliance {unknown}


   Skills:
 - Level 2.1 Fighting
 * Level 6.6 Short Blades
 + Level 2.8 Throwing
 - Level 2.0 Armour
 - Level 2.6 Dodging


You had 6 spell levels left.
You didn't know any spells.
Your spell library was empty.

Dungeon Overview and Level Annotations

Branches:
Dungeon (4/15)             Temple (1/1) D:4

Altars:
Ashenzari
Cheibriados
Dithmenos
Fedhas
Gozag
Hepliaklqana
Okawaru
Ru
Sif Muna
Trog
Vehumet
Wu Jian
Xom
Yredelemnul

Shops:
D:2 (


Innate Abilities, Weirdness & Mutations

You are immune to poison.
You have sharp fingernails.
Your flesh is cold resistant. (rC+)
You are immune to negative energy. (rN+++)
You do not regenerate when monsters are visible.
You are immune to unholy pain and torment.
You thrive by killing the living.


Message History

The endoplasm hits you but does no damage.
You hit the wight.
The wight is lightly damaged.
An orc comes into view. It is wielding a +0 hand axe.
The endoplasm barely misses you. The wight closely misses you.
You hit the wight.
The wight is moderately damaged.
The wight barely misses you. The endoplasm freezes you.
You are frozen.
You resist.
You barely miss the wight.
The wight is moderately damaged.
The wight closely misses you. The endoplasm hits you.
You closely miss the wight.
The wight is moderately damaged.
The wight closely misses you.
The endoplasm hits you but does no damage.
You hit the wight.
The wight is moderately damaged.
You barely miss the wight.
The wight is moderately damaged.
The wight hits you with a +0 great sword!
The endoplasm freezes you.
You are frozen.
You resist.
You hit the wight.
The wight is heavily damaged.
The wight hits you with a +0 great sword!
The endoplasm barely misses you.
You hit the wight.
The wight is severely damaged.
The wight hits you with a +0 great sword!
* * * LOW HITPOINT WARNING * * *
The endoplasm freezes you.
You are frozen.
You resist.
* * * LOW HITPOINT WARNING * * *
The endoplasm attacks as you move away!
The endoplasm hits you but does no damage.
The wight attacks as you move away!
The wight hits you with a +0 great sword!
You die...

........[.....8†#...#####
...............÷).#.# #
.................##.#
.:...................
.....................
...............#......
####..........#.......
##........##........ ###
#.@.....## ...... #...
##z####### #.#.#######oJ#
..........o.# #.........#
#.#.......# #.........#
....[..#.........
##.##............


You could see a wight, 2 orcs and an endoplasm.

Vanquished Creatures
  An ogre (D:3)
  A hound (D:3)
  An orc priest (D:3)
  An iguana (D:4)
  Jessica (D:2)
  Ijyb (D:3)
  Terence (D:2)
  2 orc wizards (D:3)
  Natasha (twice) (D:2)
  4 gnolls
  7 adders
  2 worms
  5 dart slugs
  2 orcs (D:3)
  7 bats
  4 endoplasms
  3 giant cockroaches
  5 goblins
  6 hobgoblins
  6 jackals
  2 quokkas (D:4)
  12 ball pythons
  3 frilled lizards
  10 kobolds
  8 rats
97 creatures vanquished.

Vanquished Creatures (others)
  A plant (D:4)
1 creature vanquished.

Grand Total: 98 creatures vanquished

Notes
Turn   | Place    | Note
-------+----------+-------------------------------------------
     0 | D:1      | Flaz the Ghoul Gladiator began the quest for the Orb.
     0 | D:1      | Reached XP level 1. HP: 17/17 MP: 0/0
    23 | D:1      | Reached skill level 3 in Short Blades
    41 | D:1      | Reached XP level 2. HP: 24/24 MP: 1/1
   228 | D:1      | Reached XP level 3. HP: 27/29 MP: 2/2
   558 | D:2      | Noticed Terence
   713 | D:1      | Reached skill level 4 in Short Blades
   744 | D:2      | Reached XP level 4. HP: 36/36 MP: 3/3
   797 | D:2      | Noticed Jessica
  1217 | D:2      | Killed Jessica
  1218 | D:2      | Reached XP level 5. HP: 41/41 MP: 4/4
  1417 | D:1      | Reached skill level 5 in Short Blades
  1664 | D:2      | Noticed Natasha
  1673 | D:2      | Killed Natasha
  1674 | D:2      | Reached skill level 1 in Armour
  1717 | D:2      | Found Okhlige's Weapon Shoppe.
  1781 | D:2      | Noticed Natasha
  1786 | D:2      | Killed Natasha
  1801 | D:2      | Killed Terence
  1802 | D:2      | Reached XP level 6. HP: 48/48 MP: 5/5
  1928 | D:3      | Found a shadowy altar of Dithmenos.
  2076 | D:3      | HP: 2/48 [ogre/+0 giant spiked club (9)]
  2333 | D:3      | Noticed Ijyb
  2345 | D:3      | Killed Ijyb
  2346 | D:3      | Reached skill level 6 in Short Blades
  2402 | D:3      | Reached XP level 7. HP: 17/55 MP: 6/6
  2678 | D:3      | Found an ornate altar of the Wu Jian Council.
  3208 | D:4      | Found a staircase to the Ecumenical Temple.
  3222 | Temple   | Entered the Ecumenical Temple
  3539 | Temple   | Became a worshipper of Warmaster Okawaru
  3651 | D:4      | Slain by a wight

Illustrated notes

Levels and vault maps discovered:
D:1:      lightli_molten_gateway, layout_basic, serial_glass, glass_columns_c,
          glass_columns_c, st_stairs_1
D:2:      layout_rooms, serial_shops, nicolae_shop_tiny_glass, minmay_circle_x,
          uniq_natasha, uniq_terence, uniq_jessica
D:3:      layout_loops_ring, grunt_dithmenos_smoke, nzn_wu_jian_contemplation,
          uniq_ijyb
D:4:      corexii_shack_village, layout_rooms, temple_statues, st_stairs_11,
          minmay_fractal_squares_5
Temple:   eino_narrow_crystal_temple

Skill      XL: |  1  2  3  4  5  6 |
---------------+-------------------+-----
Short Blades   | 3 4 5 6 |  6.6
Throwing       | 2 |  2.8
Armour         | 1 2 |  2.0
Fighting       | |  2.1
Dodging        | |  2.6

Action                     |  1- 3 |  4- 6 |  7- 9 || total
---------------------------+-------+-------+-------++-------
  Melee: Rapier            |    86 |   120 |    63 ||   269
         Punch             |       |     1 |       ||     1
  Throw: Dart              |       |    27 |       ||    27
         Stone             |       |     2 |       ||     2
         Throwing net      |       |     3 |       ||     3
         Javelin           |       |     1 |       ||     1
   Stab: Held in net/web   |       |     1 |       ||     1
 Armour: Leather armour    |    33 |     2 |       ||    35
         Ring mail         |       |    43 |    22 ||    65
  Dodge: Dodged            |    72 |    66 |    50 ||   188
